 Dungeon Crawl Stone Soup version 0.27-a0-1590-g15f69828bf (webtiles) character file.

Game seed: 4622896672797886618

75 Sobieck the Magician (level 4, -4/24 HPs)
             Began as a Deep Elf Hedge Wizard on July 18, 2021.
             Slain by Sigmund (9 damage)
             ... on level 2 of the Dungeon.
             The game lasted 00:04:39 (1930 turns).

Sobieck the Magician (Deep Elf Hedge Wizard)        Turns: 1930, Time: 00:04:40

Health: -4/24      AC:  5    Str:  7    XL:     4   Next: 11%
Magic:  7/13       EV: 12    Int: 20    God:
Gold:   52         SH:  0    Dex: 14    Spells: 10/14 levels left

rFire    + . .     SeeInvis .   s - +0 dagger (venom) {short}
rCold    + . .     Faith    .   (no shield)
rNeg     . . .     Spirit   .   r - +2 robe
rPois    .         Reflect  .   c - +0 hat
rElec    .         Harm     .   t - scarf {rC+ rF+}
rCorr    .         Rampage  .   (no gloves)
Will     .....                  n - +0 pair of boots
Stlth    ++........             (no amulet)
HPRegen  0.08/turn              (no ring)
MPRegen  0.13/turn              (no ring)

@: no status effects
A: no striking features
a: no special abilities


You were on level 2 of the Dungeon.
You visited 1 branch of the dungeon, and saw 3 of its levels.

You collected 52 gold pieces.


   Skills:
 - Level 2.4 Dodging
 - Level 2.4 Stealth
 + Level 5.6 Spellcasting
 + Level 2.9 Conjurations
 - Level 1.1 Summonings
 - Level 1.1 Translocations
 + Level 1.2 Fire Magic


You had 10 spell levels left.
You knew the following spells:

 Your Spells              Type           Power      Damage    Failure   Level
a - Magic Dart            Conj           68%        1d6       3%          1
b - Conjure Flame         Conj/Fire      14%        6-21      14%         3

Your spell library contained the following spells:

 Spells                   Type           Power      Damage    Failure   Level
 Blink                    Tloc           N/A        N/A       11%         2
 Call Imp                 Summ           10%        N/A       11%         2
 Slow                     Hex            5%         N/A       17%         2
 Mephitic Cloud           Conj/Pois/Air  9%         N/A       22%         3
 Confusing Touch          Hex            5%         N/A       32%         3
 Yara's Violent Unravell  Hex/Tmut       2%         3d3       97%         5

Inventory:

Hand Weapons
 a - a +0 dagger {short}
 s - a +0 dagger of venom (weapon) {short}
   (You took it off a goblin on level 2 of the Dungeon)
Missiles
 d - 104 stones {throwing}
 f - 26 bolts
 g - 8 poisoned darts {throwing}
 h - 31 arrows
Armour
 b - a +0 robe
 c - a +0 hat (worn)
 n - a +0 pair of boots (worn)
   (You found it on level 2 of the Dungeon)
 r - a +2 robe (worn)
   (You took it off Jessica on level 2 of the Dungeon)
 t - a scarf of resistance (worn)
   (You found it on level 2 of the Dungeon)
Scrolls
 i - a scroll of amnesia {unknown}
 k - 2 scrolls of identify {unknown}
 l - a scroll of brand weapon {unknown}
 p - a scroll of noise {unknown}
 q - a scroll of teleportation {unknown}
Potions
 e - 2 potions of might {unknown}
 j - a potion of magic {unknown}
 m - a potion of invisibility {unknown}
 o - a potion of flight {unknown}

Dungeon Overview and Level Annotations

Branches:
Dungeon (3/15)

Altars:
Ashenzari

Shops:
D:1 [

Annotations:
D:2 Sigmund

....# ##..# . #...#
###†##.# ..###...#
##...##>####
...#...###..#.......#
†..#........#..#....#
............)......#
#...#...####@......#
#...#...####.......#
##...#.....<@.#.....#
#...##.......##.....#
##...####[##..##.....#
##...###.......###.#######
##...##
###.....###.......#
##...##
#.............#...# ##...#
#.............#...# #...##
#.................# #...#
#..######.....#...#


You could see Sigmund.


Message History

😕 MP[-1]
You lost 1 mp, and now have 11/13 mp.
The magic dart hits the hobgoblin but does no damage. 😕 MP[-1]
You lost 1 mp, and now have 10/13 mp.
The magic dart hits the hobgoblin.
Sigmund gestures wildly while chanting.
Sigmund flickers and vanishes!
Deactivating autopickup; reactivate with Ctrl-A. 😕 HP[+1] MP[-1]
You lost 1 mp, and now have 9/13 mp.
The magic dart hits the hobgoblin.
You kill the hobgoblin! 😕 MP[-1]
You lost 1 mp, and now have 8/13 mp.
You can't see any susceptible monsters within range! (Use Z to cast anyway.)
You can't see any susceptible monsters within range! (Use Z to cast anyway.) Unknown command.
There is a stone staircase leading up here. 😕 MP[+1]
You climb upwards.
Reactivating autopickup.
There is a stone staircase leading down here.
You start resting. 😕 HP[+2] MP[+4]
You regained 2 hp, and now have 23/24 hp.
Your mp is fully restored (13).
You start resting. 😎 HP[+1]
Your hp is fully restored (24).
You start waiting.
Done waiting.
You climb downwards.
Level annotation: Sigmund
There is a stone staircase leading up here.
Sigmund hits you from afar with a +0 scythe!
Ouch! That really hurt!
* * * LOW HITPOINT WARNING * * *
😨 HP[-13]
You take 13 damage, and now have 11/24 hp.
MASSIVE DAMAGE!! (PAUSE)
You are too injured to fight recklessly!
Casting: Magic Dart (safe; 3% risk of failure)
Confirm with . or Enter, or press ? or * to list all spells.
Aiming: Magic Dart (safe; 3% risk of failure)
Press: ? - help, Shift-Dir - straight line, f - Sigmund
Aim: Sigmund, wielding a +0 scythe and wearing a +0 robe (100% to hit)
The magic dart hits Sigmund.
Sigmund hits you from afar with a +0 scythe.
* * * LOW HITPOINT WARNING * * *
😨 HP[-2] MP[-1]
You take 2 damage, and now have 9/24 hp.
You lost 1 mp, and now have 12/13 mp.
Casting: Magic Dart (safe; 3% risk of failure)
Confirm with . or Enter, or press ? or * to list all spells.
Aiming: Magic Dart (safe; 3% risk of failure)
Press: ? - help, Shift-Dir - straight line, f/p - Sigmund
Aim: Sigmund, wielding a +0 scythe and wearing a +0 robe (lightly wounded, 100% to hit)
The magic dart hits Sigmund.
Sigmund barely misses you. 😨 MP[-1]
You lost 1 mp, and now have 11/13 mp.
Casting: Magic Dart (safe; 3% risk of failure)
Confirm with . or Enter, or press ? or * to list all spells.
Aiming: Magic Dart (safe; 3% risk of failure)
Press: ? - help, Shift-Dir - straight line, f/p - Sigmund
Aim: Sigmund, wielding a +0 scythe and wearing a +0 robe (moderately wounded, 100% to hit)
The magic dart hits Sigmund.
Sigmund hits you from afar with a +0 scythe.
* * * LOW HITPOINT WARNING * * *
😨 HP[-1] MP[-1]
You take 1 damage, and now have 8/24 hp.
You lost 1 mp, and now have 10/13 mp.
Casting: Magic Dart (safe; 3% risk of failure)
Confirm with . or Enter, or press ? or * to list all spells.
Aiming: Magic Dart (safe; 3% risk of failure)
Press: ? - help, Shift-Dir - straight line, f/p - Sigmund
Aim: Sigmund, wielding a +0 scythe and wearing a +0 robe (moderately wounded, 100% to hit)
The magic dart hits Sigmund.
Sigmund hits you but does no damage. 😨 MP[-1]
You lost 1 mp, and now have 9/13 mp.
Casting: Magic Dart (safe; 3% risk of failure)
Confirm with . or Enter, or press ? or * to list all spells.
Aiming: Magic Dart (safe; 3% risk of failure)
Press: ? - help, Shift-Dir - straight line, f/p - Sigmund
Aim: Sigmund, wielding a +0 scythe and wearing a +0 robe (moderately wounded, 100% to hit)
The magic dart hits Sigmund but does no damage.
Sigmund gestures at you while chanting. The puff of flame hits you. You resist.
* * * LOW HITPOINT WARNING * * *
😱 HP[-3] MP[-1]
You take 3 damage, and now have 5/24 hp.
You lost 1 mp, and now have 8/13 mp.
Casting: Magic Dart (safe; 3% risk of failure)
Confirm with . or Enter, or press ? or * to list all spells.
Aiming: Magic Dart (safe; 3% risk of failure)
Press: ? - help, Shift-Dir - straight line, f/p - Sigmund
Aim: Sigmund, wielding a +0 scythe and wearing a +0 robe (moderately wounded, 100% to hit)
The magic dart hits Sigmund but does no damage.
Sigmund hits you from afar with a +0 scythe!
You die...

Skill      XL: |  1  2  3 |
---------------+----------+-----
Conjurations   | 2 |  2.9
Spellcasting   | 5 |  5.6
Fire Magic     | 1 |  1.2
Dodging        | |  2.4
Stealth        | |  2.4
Summonings     | |  1.1
Translocations | |  1.1

Action                   |  1- 3 |  4- 6 || total
-------------------------+-------+-------++-------
Melee: Dagger            |     5 |       ||     5
 Cast: Magic Dart        |    95 |    16 ||   111
 Stab: Sleeping          |     1 |       ||     1
Armor: Robe              |     2 |     1 ||     3
Dodge: Dodged            |    17 |     1 ||    18

Levels and vault maps discovered:
D:1:      scummos_arrival_star, layout_loops_ring, serial_shops,
          nicolae_diamond_shop, hellmonk_ecumenical_altar_pennies_from_heaven
D:2:      layout_rooms, basic_altar, minmay_misc_feat_chi,
          hangedman_decor_riveting, eino_curves_02, minmay_pentomino_pile,
          uniq_terence, uniq_natasha, uniq_jessica, uniq_sigmund
D:3:      layout_loops_ring, serial_glass, glass_columns_a, glass_columns_a,
          item_on_display_a, minmay_strange_pillars

Notes
Turn   | Place    | Note
-------+----------+-------------------------------------------
     0 | D:1      | Sobieck the Deep Elf Hedge Wizard began the quest for the
                  | Orb.
     0 | D:1      | Reached XP level 1. HP: 10/10 MP: 7/7
     0 | D:1      | magus.rc [v1.9.6]
   386 | D:1      | Reached XP level 2. HP: 15/15 MP: 6/9
   420 | D:1      | Found Ofaf's Antique Armour Shop.
   426 | D:1      | Found a faded altar of an unknown god.
   513 | D:1      | Reached skill level 2 in Conjurations
   614 | D:1      | Reached skill level 5 in Spellcasting
   645 | D:1      | You pick up a book of Misfortune and begin reading...
   645 | D:1      | You add the spells Confusing Touch and Yara's Violent
                  | Unravelling to your library.
  1252 | D:2      | Reached XP level 3. HP: 19/19 MP: 11/11
  1377 | D:2      | Learned a level 3 spell: Conjure Flame
  1396 | D:2      | Found a broken altar of Ashenzari.
  1557 | D:2      | Noticed Jessica
  1563 | D:2      | Killed Jessica
  1564 | D:2      | Reached skill level 1 in Fire Magic
  1570 | D:2      | Reached XP level 4. HP: 20/24 MP: 0/13
  1772 | D:2      | Noticed Sigmund
  1929 | D:2      | HP: 5/24 [Sigmund/puff of flame (3)]
  1930 | D:2      | Slain by Sigmund

Vanquished Creatures
  Jessica (D:2)
  2 dart slugs
  2 ball pythons
  5 bats
  7 endoplasms
  3 giant cockroaches (D:1)
  6 goblins
  5 hobgoblins
  A jackal (D:2)
  2 kobolds
  2 quokkas
  A frilled lizard (D:2)
  2 rats
39 creatures vanquished.

Table legend:
 A = Non-vault XP
 B = Vault XP
 C = Vault XP percentage of total XP
 D = Non-vault monster count
 E = Vault monster count
 F = Vault count percentage of total count
                 A         B        C        D         E       F
            +---------+---------+-------+---------+---------+-------
      Total |      58 |      50 |  46.3 |      32 |       7 |  17.9
            +---------+---------+-------+---------+---------+-------
        D:1 |      40 |       0 |   0.0 |      21 |       0 |   0.0
        D:2 |      18 |      50 |  73.5 |      11 |       7 |  38.9
            +---------+---------+-------+---------+---------+-------

Illustrated notes

Table legend:
 A = Kills in this place as a percentage of kills in entire the game.
 B = Kills by you in this place as a percentage of kills by you in the entire game.
 C = Kills by friends in this place as a percentage of kills by friends in the entire game.
 D = Other kills in this place as a percentage of other kills in the entire game.
 E = Experience gained in this place as a percentage of experience gained in the entire game.
 F = Experience gained in this place divided by the number of levels of this place that you have seen.
                   A       B       C       D       E      F
               +-------+-------+-------+-------+-------+----------------------
         Total | 100.0 | 100.0 |   N/A |   N/A | 100.0 |  36.0
       Dungeon | 100.0 | 100.0 |   N/A |   N/A | 100.0 |  36.0
               +-------+-------+-------+-------+-------+----------------------

Table legend: (Time is in decaauts)
 A = Elapsed time spent in this place.
 B = Non-inter-level travel time spent in this place.
 C = Inter-level travel time spent in this place.
 D = Time resting spent in this place.
 E = Time spent auto-exploring this place.
 F = Levels seen in this place.
 G = Mean time per level.
                   A        B        C        D        E       F      G
               +--------+--------+--------+--------+--------+-----+--------+
         Total |   1933 |   1907 |     26 |    353 |   1326 |   3 |  644.3 |
       Dungeon |   1933 |   1907 |     26 |    353 |   1326 |   3 |  644.3 |
               +--------+--------+--------+--------+--------+-----+--------+

Top non-repeatable levels by time:
     D:1: 1388 daAuts
     D:2: 543 daAuts
     D:3: 1 daAuts
